 Dungeon Crawl Stone Soup version 0.26.0-7-g794d0892b4 (webtiles) character file.

Game seed: 6873083320394294800

11752 ythm the Grappler (level 11, -9/105 HPs)
             Began as a Troll Fighter on Jan 12, 2021.
             Was a High Priest of Makhleb.
             Mangled by a seven-headed hydra (12 damage)
             ... on level 13 of the Dungeon.
             The game lasted 00:19:41 (9605 turns).

ythm the Grappler (Troll Fighter)                   Turns: 9605, Time: 00:19:41

Health: -9/105     AC:  8    Str: 26    XL:     11   Next: 53%
Magic:  14/14      EV: 10    Int:  7    God:    Makhleb [*****.]
Gold:   670        SH: 11    Dex: 12    Spells: 10/10 levels left

rFire    . . .     SeeInvis .     - Unarmed
rCold    . . .     Faith    .   b - +0 kite shield
rNeg     + . .     Spirit   .   P - +0 troll leather armour
rPois    .         Reflect  .   (helmet restricted)
rElec    .         Harm     .   n - scarf {repulsion}
rCorr    .         Rampage  .   (gloves unavailable)
Will     +....                  (boots unavailable)
Stlth    +.........             (no amulet)
HPRegen  1.07/turn              i - ring of willpower
MPRegen  0.14/turn              J - ring "Meng" {rN+ Int+3}

@: repel missiles
A: large, unfitting armour, claws 3, regeneration 1, shaggy fur 1, tough skin 3
a: Renounce Religion, Minor Destruction, Lesser Servant of Makhleb, Major
Destruction, Greater Servant of Makhleb


You were on level 13 of the Dungeon.
You worshipped Makhleb.
Makhleb was extremely pleased with you.
You visited 1 branch of the dungeon, and saw 13 of its levels.
You also visited: Sewer.

You collected 870 gold pieces.
You spent 200 gold pieces at shops.

Inventory:

Missiles
 G - 9 large rocks (quivered)
 M - 5 datura-tipped darts
Armour
 a - a +0 robe
 b - a +0 kite shield (worn)
 n - a scarf of repulsion (worn)
 o - a +0 tower shield
 H - a scarf of harm
 P - a +0 troll leather armour (worn)
Jewellery
 c - an uncursed ring of wizardry {unknown}
 i - a ring of willpower (left claw)
 A - an uncursed ring of protection from cold
 I - an uncursed ring of ice {unknown}
 J - the ring "Meng" (right claw) {rN+ Int+3}
   (You found it on level 9 of the Dungeon)

   [ring of positive energy]

   It affects your intelligence (+3).
   It protects you from negative energy.
 L - an uncursed ring of poison resistance {unknown}
 O - a cursed amulet of inaccuracy {unknown}
Wands
 r - a wand of polymorph (16)
 s - a wand of digging (6)
 t - a wand of enslavement (11)
 N - a wand of random effects (21)
Scrolls
 e - 8 scrolls of teleportation
 f - a scroll of enchant armour {unknown}
 h - 6 scrolls of remove curse {unknown}
 j - 3 scrolls of amnesia {unknown}
 m - 3 scrolls of enchant weapon {unknown}
 v - 4 scrolls of blinking {unknown}
 w - 3 scrolls of magic mapping {unknown}
 y - a scroll of fear {unknown}
 z - a scroll of fog {unknown}
 C - a scroll of silence {unknown}
 D - a scroll of vulnerability {unknown}
 E - 2 scrolls of random uselessness {unknown}
 F - 6 scrolls of identify
 K - 2 scrolls of immolation {unknown}
Potions
 d - 4 potions of attraction
 g - 4 potions of flight
 k - 2 potions of magic
 l - a potion of heal wounds
 p - 5 potions of brilliance
 q - 6 potions of curing
 u - 5 potions of haste {unknown}
 x - 4 potions of might
 B - a potion of cancellation {unknown}


   Skills:
 + Level 5.8 Fighting
 - Level 2.4 Dodging
 + Level 8.3 Shields
 * Level 13.0 Unarmed Combat
 + Level 5.7 Invocations


You had 10 spell levels left.
You didn't know any spells.
Your spell library contained the following spells:

 Spells                   Type           Power        Failure   Level
 Sandblast                Erth           0%           52%         1
 Passwall                 Tmut/Erth      0%           67%         2
 Conjure Flame            Conj/Fire      0%           88%         3
 Inner Flame              Hex/Fire       0%           88%         3
 Stone Arrow              Conj/Erth      0%           88%         3
 Petrify                  Tmut/Erth      0%           99%         4
 Sticky Flame             Conj/Fire      0%           99%         4
 Bolt of Magma            Conj/Fire/Erth 0%           100%        5
 Fireball                 Conj/Fire      0%           100%        5
 Lee's Rapid Deconstruct  Erth           0%           100%        5


Dungeon Overview and Level Annotations

Branches:
Dungeon (13/15)            Temple (0/1) D:4            Lair (0/6) D:10
    Orc (0/2) D:9           Sewer (visited)
 Vaults: D:13-14

Altars:
Ashenzari
Cheibriados
Hepliaklqana
Kikubaaqudgha
Makhleb
Okawaru
Qazlal
Trog
Wu Jian
Xom
Yredelemnul

Shops:
D:4 !}[!   D:7 (

Annotations:
D:8 3 runed translucent doors, ashizen's ghost, novice FoAK


Innate Abilities, Weirdness & Mutations

You are too large for most types of armour.
You have claws for hands.
Your natural rate of healing is unusually fast.
You are covered in fur. (AC +1)
You have extremely tough skin. (AC +3)


Message History

* * * LOW HITPOINT WARNING * * *
The seven-headed hydra bites you.
* * * LOW HITPOINT WARNING * * *
Your ynoxinul gestures.
Unknown command.
Unknown command.
Unknown command.
You feel much better.
You block the seven-headed hydra's attack.
The seven-headed hydra bites you.
* * * LOW HITPOINT WARNING * * *
The seven-headed hydra bites you.
* * * LOW HITPOINT WARNING * * *
The seven-headed hydra bites you.
* * * LOW HITPOINT WARNING * * *
The seven-headed hydra barely misses you.
The seven-headed hydra bites you.
* * * LOW HITPOINT WARNING * * *
The seven-headed hydra bites you!
You die...

#≈##....###.........
#≈....#...#[.#....#.
#≈(...#......#..###. ..l#
#≈.....#..#..##.#### ...#
#≈.....#.##..#....## ...#
#≈.....#.#..###.####
#####c..######≈..........# ### ##
≈≈≈≈≈Th≈≈≈≈≈≈≈#5........#######.#
.........# ##.3@...........#....
.........# #.5D###..##..........
...<.....####..####†..###........
...........!.)####...##.##.......
.............E.†#(...............
...............).................
D................................
.......#...(.#...............#...
.......#....#####..>.###....##...


You could see a seven-headed hydra, an earth elemental, a friendly ynoxinul
(summoned) and 2 friendly ufetubi.

Vanquished Creatures
  Snorg (D:11)
  A boulder beetle (D:12)
  A hydra (D:10)
  An ugly thing (D:11)
  A manticore (D:10)
  3 cyclopes
  An eye of devastation (shapeshifter) (D:13)
  A gargoyle (D:11)
  2 trolls (D:13)
  A basilisk (D:13)
  2 wyverns
  Grum (D:11)
  A yak (D:12)
  An acid dragon (D:11)
  2 floating eyes (D:12)
  2 eyes of draining (D:10)
  2 black bears (D:11)
  A sky beast (D:8)
  7 orc warriors
  6 ogres
  A phantom (D:12)
  7 centaurs
  2 wolves (D:11)
  10 bullfrogs
  A big kobold (D:12)
  2 scorpions
  2 water moccasin skeletons (D:8)
  3 jellies
  A howler monkey (D:12)
  9 wights
  An electric eel (D:9)
  3 vampire bats (D:6)
  A bullfrog zombie (D:10)
  10 hounds
  3 centaur skeletons
  8 orc priests
  6 iguanas
  2 bullfrog skeletons
  11 orc wizards
  Natasha (D:4)
  7 worker ants
  A hound zombie (D:9)
  A hound skeleton (D:4)
  2 worker ant zombies
  A howler monkey skeleton (D:10)
  16 adders
  6 river rats (Sewer)
  A shadow imp (D:8)
  3 white imps
  An ufetubus (D:5)
  An ooze (Sewer)
  An adder skeleton (D:9)
  4 worms
  A dart slug (D:1)
  9 leopard geckos
  36 orcs
  A bat skeleton (D:6)
  4 bat zombies (D:6)
  3 giant cockroaches
  4 goblins
  14 hobgoblins
  9 jackals
  11 quokkas
  15 ball pythons (Sewer)
  8 bats
  A frilled lizard (D:2)
  11 kobolds
  27 rats
321 creatures vanquished.

Vanquished Creatures (collateral kills)
  A worker ant (D:12)
  4 orcs (D:12)
  2 kobolds (D:12)
7 creatures vanquished.

Vanquished Creatures (others)
  A plant (D:1)
1 creature vanquished.

Grand Total: 329 creatures vanquished

Notes
Turn   | Place    | Note
-------+----------+-------------------------------------------
     0 | D:1      | ythm the Troll Fighter began the quest for the Orb.
     0 | D:1      | Reached XP level 1. HP: 22/22 MP: 0/0
    79 | D:1      | Reached XP level 2. HP: 26/29 MP: 1/1
   230 | D:1      | Reached skill level 3 in Unarmed Combat
   318 | D:1      | Reached XP level 3. HP: 36/36 MP: 2/2
   777 | D:2      | Noticed an ogre
   798 | D:2      | Killed an ogre
   799 | D:2      | Reached skill level 4 in Unarmed Combat
   799 | D:2      | Reached XP level 4. HP: 10/44 MP: 3/3
   799 | D:2      | Reached XP level 5. HP: 11/50 MP: 4/4
  1266 | D:3      | Found a burning altar of Makhleb.
  1283 | D:3      | Noticed a blizzard demon
  1287 | D:3      | Noticed a hellwing
  1287 | D:3      | Noticed a ynoxinul
  1289 | D:3      | Became a worshipper of Makhleb the Destroyer
  1422 | D:3      | Found a faded altar of an unknown god.
  1585 | D:3      | Reached skill level 5 in Unarmed Combat
  1985 | D:4      | Noticed Natasha
  1993 | D:4      | Killed Natasha
  2018 | D:4      | Found Oshaaqe's Gadget Shop.
  2021 | D:4      | Bought a wand of digging (6) for 200 gold pieces
  2061 | D:4      | Reached XP level 6. HP: 52/59 MP: 5/5
  2125 | D:4      | Found Ciocuipy's Distillery.
  2356 | D:4      | Found a glowing drain.
  2384 | Sewer    | Entered a sewer
  2414 | Sewer    | Reached * piety under Makhleb
  2519 | Sewer    | Reached skill level 6 in Unarmed Combat
  2626 | Sewer    | Reached ** piety under Makhleb
  2672 | Sewer    | Reached XP level 7. HP: 59/66 MP: 6/6
  2810 | D:4      | Found Kigguat's Antique Armour Emporium.
  2837 | D:4      | Found a staircase to the Ecumenical Temple.
  2918 | D:4      | Found Uthel's Distillery.
  3097 | D:5      | Entered Level 5 of the Dungeon
  3110 | D:5      | Reached skill level 7 in Unarmed Combat
  3400 | D:5      | Found an iron altar of Okawaru.
  3516 | D:5      | Reached skill level 5 in Shields
  3529 | D:5      | Reached XP level 8. HP: 55/74 MP: 7/7
  3783 | D:5      | Found a basalt altar of Yredelemnul.
  3788 | D:5      | Found a snail-covered altar of Cheibriados.
  3791 | D:5      | Found a bloodstained altar of Trog.
  4022 | D:6      | Found a stormy altar of Qazlal.
  4052 | D:6      | Reached skill level 8 in Unarmed Combat
  4162 | D:6      | Found an ancient bone altar of Kikubaaqudgha.
  4310 | D:6      | Reached *** piety under Makhleb
  4340 | D:6      | Found a shimmering altar of Xom.
  4341 | D:6      | Found a hazy altar of Hepliaklqana.
  4342 | D:6      | Noticed a spectral ugly thing
  4487 | D:6      | Reached skill level 9 in Unarmed Combat
  4761 | D:7      | Noticed a cyclops
  4777 | D:7      | Killed a cyclops
  4778 | D:7      | Reached skill level 10 in Unarmed Combat
  4778 | D:7      | Reached XP level 9. HP: 52/80 MP: 8/8
  4900 | D:7      | Found Boiboin's Antique Weapon Shop.
  5204 | D:8      | Identified the Disquisition on Ignition
  5260 | D:8      | Found a runed translucent gate.
  5260 | D:8      | Found a runed translucent gate.
  5262 | D:8      | Found a runed translucent gate.
  5263 | D:8      | Noticed ashizen's ghost (novice FoAK)
  5324 | D:8      | Reached skill level 1 in Invocations
  5583 | D:8      | Reached **** piety under Makhleb
  6247 | D:9      | Got a pitted lapis lazuli ring
  6249 | D:9      | Identified the ring "Meng" {rN+ Int+3} (You found it on
                  | level 9 of the Dungeon)
  6435 | D:9      | Found a broken altar of Ashenzari.
  6591 | D:9      | Found a staircase to the Orcish Mines.
  6592 | D:9      | Found an ornate altar of the Wu Jian Council.
  6627 | D:9      | Found an iron altar of Okawaru.
  6836 | D:10     | Entered Level 10 of the Dungeon
  7012 | D:10     | Reached skill level 11 in Unarmed Combat
  7287 | D:10     | Noticed a seven-headed hydra
  7304 | D:10     | Killed a seven-headed hydra
  7305 | D:10     | Reached XP level 10. HP: 40/92 MP: 11/11
  7415 | D:10     | Noticed a manticore
  7423 | D:10     | Killed a manticore
  7534 | D:10     | Found a staircase to the Lair.
  7803 | D:11     | Noticed a gargoyle
  7814 | D:11     | Killed a gargoyle
  7834 | D:11     | Noticed Snorg
  7866 | D:11     | Killed Snorg
  8002 | D:11     | Noticed Grum
  8011 | D:11     | Reached skill level 12 in Unarmed Combat
  8014 | D:11     | Killed Grum
  8063 | D:11     | Noticed a purple ugly thing
  8071 | D:11     | Killed a purple ugly thing
  8072 | D:11     | Reached skill level 5 in Fighting
  8225 | D:11     | Reached ***** piety under Makhleb
  8555 | D:12     | Noticed a cyclops
  8567 | D:12     | Killed a cyclops
  8662 | D:12     | Reached XP level 11. HP: 102/102 MP: 13/13
  9008 | D:12     | Reached skill level 5 in Invocations
  9008 | D:12     | Paralysed by a floating eye for 2 turns
  9022 | D:12     | Paralysed by a floating eye for 4 turns
  9032 | D:12     | Paralysed by a floating eye for 4 turns
  9032 | D:12     | Noticed a boulder beetle
  9046 | D:12     | Killed a boulder beetle
  9288 | D:13     | Noticed a six-headed hydra
  9288 | D:13     | Noticed a seven-headed hydra
  9525 | D:13     | Reached skill level 13 in Unarmed Combat
  9604 | D:13     | HP: 3/105 [seven-headed hydra (5)]
  9605 | D:13     | Mangled by a seven-headed hydra

Illustrated notes

Levels and vault maps discovered:
D:1:      tarquinn_simple_flora_water_c, layout_basic
D:2:      layout_rooms
D:3:      layout_loops_ring, chequers_ecumenical_altar_simple_redux,
          makhleb_altar_promises_db
D:4:      layout_loops_corners, minmay_temple_entry_hall,
          cheibrodos_sewer_entry_drain, serial_shops, shop, shop,
          nicolae_shop_behind_doors, kennysheep_mini, uniq_natasha
D:5:      layout_basic, okawaru_metal_pillars_1_2,
          minmay_overflow_temple_star_quad
D:6:      layout_rooms, regret_index_temple_of_mockery,
          kennysheep_vampire_church, grunt_ministairs_6, grunt_qazlal_clouds
D:7:      layout_rooms, serial_shops, shop
D:8:      layout_loops_corners, gammafunk_ghost_necromancy, grunt_tough_drop
D:9:      cheibrodos_helix_gallery, layout_small_grid, lemuel_doored_altar,
          cheibrodos_ashenzari_chains, orc_0_dummy, basic_altar
D:10:     layout_irregular_city, lair_entry_dummy
D:11:     layout_small_grid, uniq_grum, uniq_snorg
D:12:     layout_cave_pools, minivault_5, onia_ninara_cookie
D:13:     cheibrodos_ideogram_h, layout_cave_pools, guppyfry_shop_earth

Skill      XL: |  1  2  3  4  5  6  7  8  9 10 11 |
---------------+----------------------------------+-----
Unarmed Combat | 3 4 5 6 7 10 11 12 13 | 13.0
Shields        | 3 4 5 6 7 8 |  8.3
Invocations    | 3 4 5 |  5.7
Fighting       | 3 5 |  5.8
Dodging        | |  2.4

Action                   |  1- 3 |  4- 6 |  7- 9 | 10-12 || total
-------------------------+-------+-------+-------+-------++-------
Melee: Unarmed           |   100 |   240 |   402 |   232 ||   974
Throw: Large rock        |       |       |     2 |     1 ||     3
Invok: Lesser Servant of |       |       |     2 |     3 ||     5
  Use: Potion            |     1 |     1 |     4 |     7 ||    13
       Scroll            |       |       |     5 |       ||     5
 Stab: Sleeping          |       |       |     1 |     1 ||     2
Armor: Robe              |    23 |    59 |   160 |    24 ||   266
       Troll leather arm |       |       |       |     7 ||     7
Dodge: Dodged            |    38 |    58 |   142 |    94 ||   332
       Repelled          |       |       |       |     3 ||     3
Block: Kite shield       |    43 |    96 |   221 |   146 ||   506
